 Dungeon Crawl Stone Soup version 0.17-a0-2122-g03d97ec (webtiles) character file.

13 fredomojojo the Stinger (level 2, 0/19 HPs)
             Began as a Formicid Venom Mage on Oct 21, 2015.
             Slain by an adder (2 damage)
             ... on level 3 of the Dungeon.
             The game lasted 00:20:01 (753 turns).

fredomojojo the Stinger (Formicid Venom Mage)        Turns: 753, Time: 00:20:02

Health: 0/19       AC:  3    Str: 12    XL:     2   Next: 50%
Magic:  10/14      EV: 12    Int: 14    God:
Gold:   72         SH:  0    Dex: 11    Spells: 2 memorised, 2 levels left

rFire  . . .     SeeInvis +     (no weapon)
rCold  . . .     Clarity  +     a - +0 robe
rNeg   . . .     SustAt   +     (no shield)
rPois  .         Gourm    .     (helmet unavailable)
rElec  .         Spirit   .     q - +0 cloak
rCorr  .         Warding  .     (no gloves)
rMut   .         Stasis   +     (no boots)
MR     .....                    u - amulet of clarity
Stlth  ++........               f - ring of sustain attributes
                                e - ring of magical power

@: lethally poisoned (0 -> -8), very slightly contaminated, not resistant to
hostile enchantments, unstealthy
A: permanent stasis, dig shafts and tunnels, four strong arms, antennae 3
a: Dig, Shaft Self


You were on level 3 of the Dungeon.
You were not hungry.

You visited 1 branch of the dungeon, and saw 4 of its levels.

You collected 72 gold pieces.

Inventory:

Missiles
 n - 33 stones (quivered)
Armour
 a - a +0 robe (worn)
 o - a fire dragon hide
 q - a +0 cloak (worn)
Jewellery
 e - a ring of magical power (left hand)
 f - a ring of sustain attributes (right hand)
 u - an amulet of clarity (around neck)
Wands
 h - a wand of teleportation (6)
Scrolls
 k - a scroll of magic mapping
Potions
 d - 2 potions of curing
 g - a potion of ambrosia {unknown}
 j - a potion of resistance {unknown}
 l - a potion of haste {unknown}
 m - a potion of poison {unknown}
 r - a potion of might {unknown}
Books
 b - a Young Poisoner's Handbook

   Spells                             Type                      Level
   a - Sting                          Conjuration/Poison           1
   b - Cure Poison                    Poison                       2
   c - Mephitic Cloud                 Conjuration/Poison/Air       3
   d - Olgreb's Toxic Radiance        Poison                       4
   e - Venom Bolt                     Conjuration/Poison           5
 t - a book of the Sky

   Spells                             Type                      Level
   a - Summon Lightning Spire         Summoning/Air                4
   b - Airstrike                      Air                          4
   c - Silence                        Hexes/Air                    5
   d - Deflect Missiles               Charms/Air                   6
   e - Conjure Ball Lightning         Conjuration/Air              6
   f - Tornado                        Air                          9
Comestibles
 c - 2 bread rations
 i - a slice of pizza
 s - a meat ration


   Skills:
 + Level 1.8 Dodging
 + Level 2.4 Stealth
 + Level 2.3 Spellcasting
 + Level 5.9 Poison Magic


You had 2 spell levels left.
You knew the following spells:

 Your Spells              Type           Power        Failure   Level  Hunger
a - Sting                 Conj/Pois      #...         10%         1    #......
b - Cure Poison           Pois           ###.......   2%          2    ###....


Dungeon Overview and Level Annotations

Branches:
Dungeon (4/15)
 Temple: D:4-7

Altars:
Qazlal


Innate Abilities, Weirdness & Mutations

You are under a permanent stasis effect.
You can dig through walls and to a lower floor.
Your four strong arms can wield two-handed weapons with a shield.
You have a pair of large antennae on your head (SInv).


Message History

Aiming: Sting
Press: ? - help, Shift-Dir - straight line, f/p - adder
Aim: an adder (moderately wounded, poisoned)
The sting hits the adder.
The adder looks even sicker.
The adder is moderately wounded.
The adder bites you but does no damage.
You hit the adder but do no damage.
The adder is moderately wounded.
The adder barely misses you.
You closely miss the adder.
The adder is severely wounded.
The adder closely misses you. The adder bites you.
* * * LOW HITPOINT WARNING * * *
You are lethally poisoned!
The adder poisons you!
You barely miss the adder.
The adder is severely wounded.
* * * LOW HITPOINT WARNING * * *
You feel sick. The adder bites you.
You die...

,,**** **,*
**,,,≈,,,,,***,,,, ,,,,_*
**,,***##.#,*,.^*,,,**,***
,,****
*,*,,,,..≈##*^.≈#,,,,,,,,,
,,*
**,****#..^##.,^.≈*,,*****
*** *,* *.....,.≈^,,,,*
*,* *....,._.,,,,,* *,*
*#≈(,≈≈,,,,,≈** *,*
#≈#≈#,,,*,*≈* *,*
#@≈#*,,,*,*,* *,*
#S^≈§..≈.*,,* *,*
##^≈^....,,**
*,*******####.##***
*,,,,,,* *,# ******,* *,*
*,* *,* ##### *,* *,*
########...# *,# *,*
******


You could see an adder.

Vanquished Creatures
  A giant cockroach (D:1)
  A goblin (D:1)
  2 hobgoblins
  2 jackals (D:3)
  A bat (D:1)
  A giant newt (D:1)
  2 kobolds
  2 rats (D:1)
12 creatures vanquished.

Notes
Turn   | Place    | Note
--------------------------------------------------------------
     0 | D:1      | fredomojojo the Formicid Venom Mage began the quest for the Orb.
     0 | D:1      | Reached XP level 1. HP: 13/13 MP: 3/3
   327 | D:1      | Reached XP level 2. HP: 17/19 MP: 5/5
   401 | D:2      | Learned a level 2 spell: Cure Poison
   746 | D:3      | Found a stormy altar of Qazlal.
   753 | D:3      | Slain by an adder

Vault maps used:
D:1:      moated_graveyard_arrival
D:2:      kennysheep_generic_room_8
D:3:      nicolae_ru_the_path_less_chosen, grunt_qazlal_sundering,
          lemuel_zombie_altar_yredelemnul, kennysheep_nondescript
D:4:      st_stairs_11, minivault_25, nemelex_lonely_heart_becter

Action                   || total
-------------------------++-------
Melee: Unarmed           ||    18
 Cast: Sting             ||    28
       Cure Poison       ||     1
  Use: Scroll            ||     2
 Stab: Sleeping          ||     1
